 Dungeon Crawl Stone Soup version 0.16.1-30-g34a7ffa (webtiles) character file.

508043 Yawgmoth the Phalangite (level 24, -1/235 (237) HPs)
             Began as a Minotaur Berserker on June 14, 2015.
             Was an Elder of Trog.
             Slain by a caustic shrike (12 damage)
             ... on level 4 of the Depths on June 17, 2015.
             The game lasted 15:43:36 (79519 turns).

Yawgmoth the Phalangite (Minotaur Berserker)       Turns: 79519, Time: 15:43:36

HP:   -1/235 (237)  AC: 22    Str: 29    XL:     24   Next: 23%
MP:   44/44         EV: 19    Int:  6    God:    Trog [****..]
Gold: 1284          SH:  0    Dex: 12    Spells: 0 memorised, 23 levels left

rFire  + . .     SeeInvis .     I - +12 Glaive of Prune {chop, ...}
rCold  . . .     Clarity  .     G - +6 plate armour of the City {rN++}
rNeg   + + .     SustAb   .     (no shield)
rPois  .         Gourm    .     (helmet restricted)
rElec  +         Spirit   .     K - +0 cloak {MR+}
rCorr  .         Warding  .     e - +1 pair of gloves
rMut   .         Stasis   .     T - +1 pair of boots {run}
MR     +++++                    L - amulet of the Air {Inacc +Fly rElec EV+5 RMsl}
Stlth  ..........               j - ring "Trap" {MR+ Dex+2}
                                F - ring of Suspected Treachery {+Inv rF+ MR++ MP+9 Dex-3 Slay+2, ParaJustified}

@: exhausted, corroded equipment, very slightly contaminated, slowed, repel
missiles, very slow, almost entirely resistant to hostile enchantments,
extremely unstealthy
A: retaliatory headbutt, horns 2
a: Burn Spellbooks, Berserk, Trog's Hand, Brothers in Arms, Renounce Religion,
Evoke Invisibility, Evoke Flight
}: 2/15 runes: decaying, serpentine


You were on level 4 of the Depths.
You worshipped Trog.
Trog was greatly pleased with you.
You were very hungry.

You visited 8 branches of the dungeon, and saw 48 of its levels.
You visited the Abyss 1 time.
You visited 1 bazaar.
You also visited: Labyrinth, Ossuary and Volcano.

You collected 5430 gold pieces.
You spent 4146 gold pieces at shops.

Inventory:

Hand weapons
 h - the +8 greatsling of Ceakhlir {venom, rElec rF+ MR- Str+2 Stlth+}
   (Trog gifted it to you on level 2 of the Vaults)

   It poisons the ammo it fires.
   It affects your strength (+2).
   It protects you from fire.
   It insulates you from electricity.
   It affects your resistance to hostile enchantments.
   It makes you more stealthy.
 o - a +4 antimagic bardiche
 E - the +8 halberd of the Warrior {holy, Int+6 Dex+6, GET WRECKED}
   (Trog gifted it to you on level 15 of the Dungeon)

   It has been blessed by the Shining One to cause great damage to the undead
   and demons.
   It affects your intelligence (+6).
   It affects your dexterity (+6).
 I - the +12 Glaive of Prune (weapon) {chop, ...}
   (Trog gifted it to you on level 2 of the Elven Halls)

   It inflicts extra damage upon your enemies.
 U - a +9 demon trident of piercing
Missiles
 f - 545 stones (quivered)
 J - 7 sling bullets of flame
 R - 84 silver sling bullets
 Y - 15 sling bullets of frost
Armour
 e - a +1 pair of gloves (worn)
 G - the +6 plate armour of the City (worn) {rN++}
   (You found it on level 3 of the Elven Halls)

   It greatly protects you from negative energy.
 K - a +0 cloak of magic resistance (worn)
 O - the +18 shield of the gong {rElec rN+ MR+ EV-5, Gong Show}
   (You found it on level 3 of the Elven Halls)

   It affects your evasion (-5).
   It insulates you from electricity.
   It protects you from negative energy.
   It affects your resistance to hostile enchantments.
 T - a +1 pair of boots of running (worn)
Jewellery
 a - an uncursed ring of see invisible
 d - an uncursed ring of teleport control
 g - an uncursed ring of teleportation
 j - the ring "Trap" (right hand) {MR+ Dex+2}
   (You found it on level 3 of the Elven Halls)

   [ring of dexterity]

   It affects your dexterity (+2).
   It affects your resistance to hostile enchantments.
 k - an uncursed amulet of clarity
 m - an uncursed ring of poison resistance
 F - the ring of Suspected Treachery (left hand) {+Inv rF+ MR++ MP+9 Dex-3 Slay+2, ParaJustified}
   (You took it off a minotaur in a labyrinth)

   [ring of magical power]

   It affects your dexterity (-3).
   It affects your accuracy and damage with ranged weapons and melee attacks
   (+2).
   It protects you from fire.
   It affects your resistance to hostile enchantments.
   It affects your magic capacity (+9).
   It lets you turn invisible.
 L - the amulet of the Air (around neck) {Inacc +Fly rElec EV+5 RMsl}
   (You bought it in a shop on level 2 of the Elven Halls)

   [amulet of inaccuracy]

   It reduces the accuracy of all your attacks.
   It affects your evasion (+5).
   It insulates you from electricity.
   It lets you fly.
   It protects you from missiles.
 M - the amulet of Surprise {rCorr -Cast rElec MR+ Dex+3, Trog is Trolling}
   (You found it on level 2 of the Swamp)

   [amulet of resist corrosion]

   It protects you from acid and corrosion.
   It affects your dexterity (+3).
   It insulates you from electricity.
   It affects your resistance to hostile enchantments.
   It prevents spellcasting.
Magical devices
 p - a wand of disintegration (1)
 w - a wand of teleportation (8)
 B - a wand of fire (0)
 Z - a wand of digging (16)
Scrolls
 i - 8 scrolls of teleportation
 t - 7 scrolls of fog
 z - 4 scrolls of silence
 H - 4 scrolls of identify
 S - 12 scrolls of recharging
 V - a scroll of magic mapping
Potions
 q - 4 potions of restore abilities
 r - 2 potions of might
 y - a potion of cancellation
 A - 5 potions of berserk rage
 D - a potion of ambrosia
Miscellaneous
 l - a stone of tremors
 x - a lantern of shadows
 C - a box of beasts {used: 1}
 Q - a fan of gales (inert)
 W - a phial of floods
 X - a sack of spiders
Comestibles
 b - 4 fruits
 c - 17 bread rations
 n - 18 meat rations
 s - 6 royal jellies
 v - 20 beef jerkies


   Skills:
 + Level 23.7 Fighting
 + Level 23.9 Polearms
 - Level 17.3 Slings
   Level 5.0 Crossbows
 + Level 18.7 Armour
 - Level 13.5 Dodging
 + Level 7.9 Shields
 + Level 15.1 Evocations


You had 23 spell levels left.
You didn't know any spells.

Dungeon Overview and Level Annotations

Branches:
Dungeon (15/15)            Temple (0/1) D:4            Lair (8/8) D:9
  Swamp (5/5) Lair:6        Snake (5/5) Lair:4        Slime (0/6) Lair:6
    Orc (4/4) D:10            Elf (3/3) Orc:3        Vaults (4/5) D:14
  Crypt (0/3) Vaults:3     Depths (4/5) D:15

Altars:
Dithmenos
Fedhas
Gozag
Nemelex Xobeh
Qazlal
Ru
Sif Muna
Trog
Vehumet
Yredelemnul
Zin
Beogh

Shops:
D:10 (   Orc:1 (   Orc:4 (*%   Elf:2 **=   Vaults:1 [   Depths:1 *

Portals:
Hell: Depths:1 Depths:2 Depths:3
Pandemonium: Depths:2 Depths:3
Ziggurat: Depths:2

Annotations:
D:8 exclusion: ice statue
Lair:7 exclusion: oklob plant


Innate Abilities, Weirdness & Mutations

You reflexively headbutt those who attack you in melee.
You have a pair of horns on your head.


Message History

* * * LOW HITPOINT WARNING * * *
There is a stone staircase leading up here.
Unknown command.
Evoke which item? (* to show all) (? for menu, Esc to quit)
Okay, then.
Unknown command.
A mighty gale blasts forth from the fan!
The caustic shrikes are blown away by the wind.
The caustic shrike slams into the rock wall!
The winds coalesce and take form.
Your air elemental merges itself into the air.
Your air elemental forms itself from the air!
Your air elemental merges itself into the air.
Your air elemental forms itself from the air!
Your air elemental merges itself into the air.
Some rock shatters into small pieces.
Your air elemental forms itself from the air!
Your air elemental hits the caustic shrike.
The caustic shrike claws you!
You die...

...##.Tb#.##.#..........#
..b....OT>.'...O........+
...###..###..###........#
#...###.b..T.###........#+######
##### #.####Tb...........[(((.(.
#.# .................... ###
#...E.............
#.bb..E...........
#..@b.............
#..E.............
###...............
#..#'########.... #.......# ..
#.......# #.......# #########


You could see 4 caustic shrikes, a deep troll, a deep troll earth mage, a
two-headed ogre and 3 friendly air elementals.

Vanquished Creatures
  Sojobo (Depths:3)
  A caustic shrike (Depths:4)
  Norris (Vaults:1)
  Saint Roka (Snake:2)
  Mennas (Depths:2)
  Jory (Depths:3)
  Nikola (Vaults:1)
  A tentacled monstrosity (Vaults:2)
  Vashnia (Snake:4)
  2 deep elf master archers (Elf:3)
  5 deep elf blademasters
  2 titans
  5 liches
  2 sphinxes
  A shadow dragon (Depths:2)
  Frances (Elf:1)
  2 tengu reavers (Depths:3)
  9 greater nagas
  16 vault wardens
  Wiglaf (Swamp:4)
  3 deep elf sorcerers
  7 fire giants
  3 frost giants
  A balrug (Depths:2)
  8 emperor scorpions
  3 ghouls (Vaults:3)
  A war gargoyle (Vaults:4)
  14 ironheart preservers
  9 very ugly things
  17 stone giants
  A deep elf demonologist (Elf:3)
  11 deep elf annihilators
  2 dire elephants (Depths:3)
  An eidolon (Vaults:3)
  2 minotaurs
  Snorg (Lair:3)
  2 green deaths (Depths:3)
  7 ettins
  6 deep elf death magi (Elf:3)
  14 yaktaur captains
  A jiangshi (Vaults:3)
  8 fire dragons
  13 vault guards
  A ghost crab (Swamp:3)
  Fannar (Orc:4)
  12 rakshasas
  2 deep elf high priests (Elf:3)
  11 ogre magi
  20 naga warriors
  6 great orbs of eyes
  3 ice dragons
  6 centaur warriors
  3 deep troll earth magi
  19 hydras
  A catoblepas (D:13)
  14 anacondas
  11 dancing weapons (Elf:2)
  4 deep troll shamans
  2 orc high priests
  2 tengu warriors (Depths:1)
  8 alligators
  34 death yaks
  2 vampire magi (Depths:2)
  A thrashing horror (Abyss:1)
  A spriggan berserker (Depths:2)
  18 naga sharpshooters
  Urug (Elf:1)
  7 shock serpents
  3 salamander mystics
  14 hell knights
  28 deep elf knights
  A wretched star (Abyss:1)
  2 sun demons (Depths:2)
  An iron troll (Depths:3)
  2 fire crabs (Vaults:3)
  A flayed ghost (Vaults:2)
  3 spriggan druids
  Erolcha (Vaults:3)
  2 giant orange brains
  5 naga ritualists
  A shadow dragon zombie (Vaults:3)
  2 shadow wraiths
  4 deep elf summoners
  5 deep trolls
  6 swamp dragons
  A lindwurm (Lair:5)
  7 sea snakes (Snake:5)
  11 wolf spiders
  8 hill giants
  3 shambling mangroves
  A harpy (shapeshifter) (Depths:1)
  7 harpies
  19 ironbrand convokers
  An orc sorcerer (Orc:4)
  8 deep elf conjurers
  50 ugly things
  A mana viper (shapeshifter) (Depths:1)
  8 cyclopes
  4 oklob plants (Lair:6)
  7 mana vipers
  4 manticores
  11 orc knights
  8 necromancers
  2 hornets
  4 griffons
  A stone giant zombie (Vaults:3)
  16 elephants
  10 salamanders
  A draconian (shapeshifter) (Vaults:4)
  A salamander (shapeshifter) (Vaults:3)
  6 guardian serpents
  A fire giant skeleton (Vaults:3)
  9 wizards
  Maurice (D:11)
  A black mamba (shapeshifter) (Elf:1)
  23 naga magi
  39 black mambas
  18 vault sentinels
  A guardian serpent (shapeshifter) (Vaults:2)
  A torpor snail (Depths:1)
  A smoke demon (Abyss:1)
  2 gargoyles
  21 spiny frogs
  5 spectral swamp worms (Depths:1)
  A yaktaur zombie (Vaults:3)
  41 yaktaurs
  3 kobold demonologists
  A hellion (Elf:3)
  An elf (shapeshifter) (Elf:1)
  8 komodo dragons
  5 starcursed masses (Abyss:1)
  2 demonic crawlers (Elf:1)
  19 deep elf priests
  2 fire drakes (Lair:7)
  A hellwing (Abyss:1)
  A fire drake (shapeshifter) (Vaults:2)
  A tengu conjurer (D:15)
  An ancient zyme (Abyss:1)
  2 freezing wraiths (Vaults:3)
  12 trolls
  A polar bear (shapeshifter) (Vaults:2)
  4 polar bears (Lair:5)
  15 two-headed ogres
  11 bog bodies
  2 jumping spiders (Depths:3)
  9 giant leeches
  A boulder beetle (shapeshifter) (Vaults:2)
  3 large abominations
  16 slime creatures
  5 boulder beetles
  A snapping turtle (Lair:5)
  A slime creature (shapeshifter) (Vaults:2)
  A blue devil (Elf:3)
  5 blink frogs
  8 ravens
  4 baby alligators
  A flying skull (Abyss:1)
  4 tarantellas
  A wyvern (D:11)
  4 wraiths
  A raiju (shapeshifter) (Vaults:3)
  A ynoxinul (Abyss:1)
  An air elemental (Depths:3)
  A human (shapeshifter) (Depths:3)
  7 redbacks
  2 spriggans
  4 vampires
  Eustachio (D:7)
  2 fire bats (Abyss:1)
  12 hippogriffs
  52 yaks
  4 hogs (Swamp:2)
  3 mottled dragons (Vaults:2)
  27 deep elf magi
  A fire bat (shapeshifter) (Vaults:1)
  33 vampire mosquitoes
  9 shadows
  70 nagas
  20 wolves
  4 wargs
  34 water moccasins
  45 deep elf fighters
  A neqoxec (Elf:1)
  8 insubstantial wisps
  2 human simulacra (Vaults:3)
  A soldier ant (D:10)
  A swamp worm (shapeshifter) (Elf:2)
  12 humans (Vaults:3)
  18 swamp worms
  A deep dwarf (shapeshifter) (Vaults:4)
  2 sky beasts
  53 orc warriors
  17 porcupines
  3 necrophages (Vaults:3)
  3 wasps
  8 ice beasts
  A black bear (D:9)
  50 ogres
  11 swamp drakes
  15 centaurs
  2 eyes of draining
  2 phantoms
  A boring beetle (Lair:6)
  An elf simulacrum (Vaults:1)
  6 boggarts
  14 crocodiles
  Sigmund (D:7)
  8 big kobolds
  35 giant frogs
  Blork the orc (Vaults:3)
  2 brain worms
  2 elf zombies (Ossuary)
  A wyvern zombie (D:9)
  3 scorpions
  A wyvern skeleton (D:11)
  4 electric eels
  3 killer bees (D:14)
  7 wights
  9 crimson imps
  2 giant frog zombies
  3 lava snakes
  13 hounds
  An ogre zombie (Vaults:3)
  6 centaur zombies
  8 human zombies
  9 small abominations
  5 jellies
  36 orc wizards
  Crazy Yiuf (D:6)
  2 centaur skeletons
  37 orc priests
  15 worker ants
  2 giant frog skeletons
  3 hell rats (Elf:1)
  2 human skeletons (Vaults:3)
  A boulder beetle simulacrum (Vaults:3)
  8 iguanas
  9 sheep
  3 big kobold zombies (Ossuary)
  Jessica (Vaults:3)
  3 hound zombies
  A necrophage skeleton (Vaults:3)
  A hound skeleton (D:10)
  3 mummies (Ossuary)
  A gnoll (D:1)
  5 shadow imps
  22 adders
  51 river rats
  4 giant mites
  3 worms
  5 ufetubi
  5 adder zombies
  An ooze (shapeshifter) (Depths:3)
  244 orcs
  4 giant cockroaches
  18 goblins
  18 hobgoblins
  7 jackals
  15 quokkas
  2 ball pythons
  A ball python skeleton (D:4)
  16 bats
  3 giant geckos
  8 giant newts
  A giant spore (D:10)
  A gnoll zombie (Ossuary)
  2 goblin zombies (Ossuary)
  2 hobgoblin zombies (Ossuary)
  A jackal skeleton (D:9)
  3 jackal zombies (Ossuary)
  44 kobolds
  6 kobold zombies
  A lurking horror (Abyss:1)
  2 orc zombies
  3 quokka zombies (Ossuary)
  15 rats
  5 rat zombies (Ossuary)
  4 ballistomycetes (D:10)
  4 fungi
  6 plants
2334 creatures vanquished.

Vanquished Creatures (collateral kills)
  2 vault wardens (Vaults:4)
  An emperor scorpion (Depths:2)
  2 deep elf sorcerers
  A ghoul (Vaults:3)
  A very ugly thing (Vaults:3)
  An ironheart preserver (Vaults:3)
  2 stone giants
  A yaktaur captain (D:15)
  2 ogre magi
  A naga warrior (Snake:5)
  Nessos (D:15)
  2 centaur warriors
  A death yak (Lair:5)
  3 orc high priests (Orc:4)
  2 naga sharpshooters
  A thrashing horror (Abyss:1)
  A shadow wraith (Abyss:1)
  A wretched star (Abyss:1)
  A salamander mystic (Snake:2)
  A flayed ghost (Vaults:4)
  2 harpies (Vaults:3)
  A hill giant (D:14)
  2 orc sorcerers
  A stone giant zombie (Vaults:3)
  A salamander (Snake:5)
  A wizard (D:14)
  2 necromancers
  An ugly thing (Vaults:3)
  An elephant (Lair:5)
  A worldbinder (Abyss:1)
  2 sixfirhies
  A rust devil (Vaults:3)
  A guardian serpent (Snake:3)
  A stone giant skeleton (Abyss:1)
  2 molten gargoyles (Volcano)
  3 smoke demons (Abyss:1)
  2 vault sentinels (Vaults:4)
  A kobold demonologist (Vaults:3)
  2 black mambas
  3 spiny frogs
  5 yaktaurs
  2 hellwings (Abyss:1)
  A deep elf priest (D:15)
  3 blink frogs
  3 two-headed ogres
  2 polar bears (Lair:5)
  An ettin zombie (Abyss:1)
  A vampire (Vaults:3)
  2 flying skulls (Abyss:1)
  2 humans (Vaults:3)
  A neqoxec (Abyss:1)
  A vampire mosquito (Vaults:3)
  5 nagas
  A ynoxinul (Abyss:1)
  Grum (D:11)
  A deep elf mage (D:14)
  2 large abominations (Abyss:1)
  2 deep elf fighters (Vaults:3)
  A golden eye (Abyss:1)
  A chaos spawn (Abyss:1)
  A warg (Orc:3)
  3 orc warriors
  2 ogres (D:13)
  12 centaurs
  2 giant frogs (Lair:8)
  A small abomination (Abyss:1)
  4 starcursed masses (Abyss:1)
  A human zombie (Vaults:3)
  A giant frog zombie (D:13)
  A goliath beetle (D:11)
  An iron imp (Abyss:1)
  7 orc priests
  6 orc wizards
  A mummy (D:13)
  An adder (Lair:3)
  6 ufetubi (Abyss:1)
  11 orcs
  A lurking horror (Abyss:1)
  2 crawling corpses (D:15)
161 creatures vanquished.

Vanquished Creatures (others)
  An eldritch tentacle (Depths:4)
  Kirke (Swamp:2)
  A stone giant (Orc:4)
  A very ugly thing (Depths:3)
  An orc high priest (Orc:4)
  A shadow wraith (Vaults:3)
  2 iron trolls (Vaults:3)
  A deep elf knight (Elf:3)
  A deep troll (Snake:2)
  A deep elf conjurer (Elf:3)
  2 ugly things (Depths:3)
  A kobold demonologist (Vaults:3)
  A tengu conjurer (D:11)
  4 two-headed ogres
  4 trolls
  2 humans (Swamp:2)
  A black bear (Snake:5)
  21 ogres
  2 lost souls (Elf:3)
  A quasit (Vaults:3)
  A human skeleton (Vaults:3)
  An orc wizard (Orc:3)
  A necrophage skeleton (Vaults:3)
  A shadow imp (Vaults:3)
  152 eldritch tentacle segments (Depths:4)
  10 fungi
  9 plants
225 creatures vanquished.

Grand Total: 2720 creatures vanquished

Notes
Turn   | Place    | Note
--------------------------------------------------------------
     0 | D:1      | Yawgmoth, the Minotaur Berserker, began the quest for the Orb.
     0 | D:1      | Reached XP level 1. HP: 19/19 MP: 1/1
     2 | D:1      | Noticed a vine stalker
     2 | D:1      | Noticed a tengu
     4 | D:1      | Noticed a draconian
     6 | D:1      | Noticed a merfolk
     6 | D:1      | Noticed a vampire
     8 | D:1      | Noticed an elf
     8 | D:1      | Noticed a demonspawn
    10 | D:1      | Noticed a dwarf
    12 | D:1      | Noticed a formicid
    12 | D:1      | Noticed a naga
    14 | D:1      | Noticed a felid
    16 | D:1      | Noticed an octopode
    18 | D:1      | Noticed a human
    18 | D:1      | Noticed a gargoyle
    20 | D:1      | Noticed a ghoul
    22 | D:1      | Noticed an ogre
    22 | D:1      | Noticed a troll
    24 | D:1      | Noticed a spriggan
    24 | D:1      | Noticed a minotaur
    26 | D:1      | Noticed a centaur
    26 | D:1      | Noticed a demigod
   244 | D:1      | Reached XP level 2. HP: 27/27 MP: 1/1
   262 | D:1      | Reached skill level 4 in Polearms
   543 | D:1      | Reached XP level 3. HP: 33/33 MP: 2/2
   548 | D:1      | Acquired Trog's second power
   764 | D:2      | Found a blossoming altar of Fedhas.
   954 | D:2      | Found a sparkling altar of Nemelex Xobeh.
  1649 | D:3      | Found a sacrificial altar of Ru.
  1775 | D:3      | Reached XP level 4. HP: 40/40 MP: 2/2
  1849 | D:3      | Noticed an orc warrior
  1869 | D:3      | Killed an orc warrior
  1869 | D:3      | Reached skill level 5 in Polearms
  1869 | D:3      | Reached XP level 5. HP: 16/47 MP: 2/2
  2261 | D:3      | Found a deep blue altar of Sif Muna.
  2476 | D:4      | Found a staircase to the Ecumenical Temple.
  2507 | D:4      | Reached skill level 5 in Fighting
  2514 | D:4      | Found Smust's Book Shoppe.
  2542 | D:4      | Reached XP level 6. HP: 46/56 MP: 3/3
  2884 | D:5      | Entered Level 5 of the Dungeon
  2965 | D:5      | Reached skill level 1 in Evocations
  3069 | D:5      | Acquired Trog's third power
  3227 | D:5      | Reached XP level 7. HP: 53/62 MP: 4/4
  3330 | D:5      | Reached skill level 6 in Polearms
  3742 | D:6      | Found a bloodstained altar of Trog.
  3773 | D:6      | Found a stormy altar of Qazlal.
  3874 | D:6      | Reached skill level 5 in Armour
  3951 | D:6      | Found a shadowy altar of Dithmenos.
  3990 | D:6      | Found a radiant altar of Vehumet.
  4029 | D:6      | Reached skill level 5 in Dodging
  4145 | D:6      | Noticed Crazy Yiuf
  4155 | D:6      | Killed Crazy Yiuf
  4589 | D:7      | Reached XP level 8. HP: 61/70 MP: 6/6
  5046 | D:7      | Reached skill level 7 in Polearms
  5121 | D:7      | Noticed Sigmund
  5132 | D:7      | Killed Sigmund
  5159 | D:7      | Noticed Eustachio
  5214 | D:7      | Killed Eustachio
  5215 | D:7      | Found a basalt altar of Yredelemnul.
  6050 | D:8      | Reached XP level 9. HP: 36/79 MP: 10/10
  6274 | D:8      | Reached skill level 8 in Polearms
  6475 | D:8      | Found a sand-covered staircase.
  6503 | Ossuary  | Entered an ossuary
  7046 | Ossuary  | Reached skill level 5 in Evocations
  7116 | D:8      | Noticed an ice statue
  7160 | D:8      | Noticed a troll
  7166 | D:8      | Killed a troll
  7845 | D:9      | Received a gift from Trog
  7949 | D:9      | Found a glowing silver altar of Zin.
  8076 | D:9      | Reached skill level 9 in Polearms
  8077 | D:9      | Reached XP level 10. HP: 86/90 MP: 13/13
  8111 | D:9      | Found a staircase to the Lair.
  8553 | D:10     | Entered Level 10 of the Dungeon
  8664 | D:10     | Received a gift from Trog
  8689 | D:10     | Found a staircase to the Orcish Mines.
  8811 | D:10     | Got an iridescent dagger {drain}
  8816 | D:10     | Identified the +6 dagger "Minotaur's Doom" {drain, MR- Dex+4} (You took it off a crimson imp on level 10 of the Dungeon)
  8822 | D:10     | Noticed a hill giant
  8832 | D:10     | Killed a hill giant
  8929 | D:10     | Found Chiutt's Weapon Boutique.
  9466 | Orc:1    | Entered Level 1 of the Orcish Mines
  9466 | Orc:1    | Found Qefaohumn's Weapon Shoppe.
  9546 | Orc:1    | Reached skill level 10 in Fighting
  9546 | Orc:1    | Reached skill level 10 in Polearms
  9868 | Orc:1    | Received a gift from Trog
  9920 | Orc:1    | Found a roughly hewn altar of Beogh.
 10601 | Orc:3    | Reached XP level 11. HP: 87/100 MP: 5/16
 10666 | Orc:3    | Found Croroan's Food Shoppe.
 10685 | Orc:3    | Received a gift from Trog
 10998 | Orc:4    | Entered Level 4 of the Orcish Mines
 11055 | Orc:4    | Found a roughly hewn altar of Beogh.
 11069 | Orc:4    | Found a dark tunnel.
 11077 | Volcano  | Entered a volcano
 11160 | Volcano  | Found a radiant altar of Vehumet.
 11160 | Volcano  | Noticed a centaur warrior
 11166 | Volcano  | Killed a centaur warrior
 12075 | Orc:4    | Noticed Fannar
 12429 | Orc:4    | Killed Fannar
 12429 | Orc:4    | Received a gift from Trog
 12495 | Orc:4    | Noticed an orc high priest
 12513 | Orc:4    | Banished an orc high priest
 12513 | Orc:4    | Reached skill level 10 in Armour
 12683 | Orc:4    | Noticed an orc high priest
 12692 | Orc:4    | Killed an orc high priest
 12751 | Orc:4    | Found Ugarchus' Food Shop.
 12752 | Orc:4    | Found Klazxy Lokho's Antique Weapon Boutique.
 12753 | Orc:4    | Found Othew's General Store.
 12764 | Orc:4    | Reached skill level 11 in Fighting
 12774 | Orc:4    | Noticed an orc high priest
 12776 | Orc:4    | Noticed an orc high priest
 12777 | Orc:4    | Killed an orc high priest
 12786 | Orc:4    | Killed an orc high priest
 12792 | Orc:4    | Found Thimn's General Store.
 12864 | Orc:4    | Bought a scroll of identify for 32 gold pieces
 12864 | Orc:4    | Bought 3 scrolls of identify for 96 gold pieces
 13086 | Orc:4    | Noticed a stone giant
 13143 | Orc:4    | Banished a stone giant
 13267 | Orc:3    | Found a staircase to the Elven Halls.
 13288 | Orc:3    | Received a gift from Trog
 13480 | Orc:3    | Cast into the Abyss (a distortion unwield)
 13580 | Abyss:1  | Noticed a wretched star
 13589 | Abyss:1  | Killed a wretched star
 13614 | Abyss:1  | Reached XP level 12. HP: 81/110 MP: 6/20
 13674 | Abyss:1  | Noticed a starcursed mass
 13683 | Abyss:1  | Killed a starcursed mass
 13683 | Abyss:1  | Paralysed by accursed screaming for 1 turns
 13684 | Abyss:1  | Killed a starcursed mass
 13689 | Abyss:1  | Killed a starcursed mass
 13691 | Abyss:1  | Killed a starcursed mass
 13699 | Abyss:1  | Received a gift from Trog
 13813 | Abyss:1  | Reached skill level 10 in Dodging
 14087 | Abyss:1  | Noticed a deep elf sorcerer
 14092 | Abyss:1  | Killed a deep elf sorcerer
 14162 | Abyss:1  | Reached skill level 12 in Fighting
 14185 | Abyss:1  | Noticed a starcursed mass
 14197 | Abyss:1  | Killed a starcursed mass
 14206 | Abyss:1  | Killed a starcursed mass
 14211 | Abyss:1  | Killed a starcursed mass
 14212 | Abyss:1  | Killed a starcursed mass
 14218 | Abyss:1  | Killed a starcursed mass
 14235 | Orc:3    | Escaped the Abyss
 14529 | Lair:1   | Entered Level 1 of the Lair of Beasts
 15385 | Lair:1   | Received a gift from Trog
 15775 | Lair:2   | Found a labyrinth entrance.
 15784 | Lab      | Entered a labyrinth
 16085 | Lab      | Noticed a minotaur
 16094 | Lab      | Killed a minotaur
 16094 | Lab      | Reached XP level 13. HP: 119/119 MP: 22/22
 16096 | Lab      | Got a wavering amber ring
 16104 | Lab      | Identified the ring of Suspected Treachery {+Inv rF+ MR++ MP+9 Dex-3 Slay+2} (You took it off a minotaur in a labyrinth)
 16110 | Lab      | Got a pitted golden amulet
 16218 | Lair:2   | Identified the amulet "Zoruwy" {Spirit Int+3} (You found it in a labyrinth)
 16226 | Lair:2   | Identified a +9 rod of inaccuracy (13/13) (You took it off a minotaur in a labyrinth)
 16229 | Lair:2   | Identified a +0 rod of the swarm (11/11) (You found it in a labyrinth)
 16479 | Lair:2   | Received a gift from Trog
 16821 | Lair:3   | Noticed Snorg
 16828 | Lair:3   | Killed Snorg
 17240 | Lair:3   | Reached skill level 13 in Polearms
 17469 | Lair:3   | Reached skill level 10 in Evocations
 17474 | Lair:3   | Received a gift from Trog
 17974 | Lair:4   | Found a staircase to the Snake Pit.
 20829 | Lair:5   | Reached XP level 14. HP: 120/129 MP: 24/24
 20992 | Lair:5   | Found a staircase to the Shoals.
 21134 | Lair:6   | Received a gift from Trog
 21510 | Lair:6   | Found a staircase to the Swamp.
 21595 | Lair:6   | Received a gift from Trog
 22439 | Lair:7   | Reached skill level 14 in Polearms
 23254 | Lair:7   | Received a gift from Trog
 23934 | Lair:8   | Entered Level 8 of the Lair of Beasts
 24824 | Lair:8   | Received a gift from Trog
 25065 | Lair:8   | Reached XP level 15. HP: 139/139 MP: 26/26
 25454 | Lair:8   | Received a gift from Trog
 25457 | Lair:8   | Got a fine hunting sling {god gift}
 25858 | Lair:2   | Identified the +6 hunting sling "Noutuaw" {venom, rElec Str+3 Int+4 Dex-3 SInv} (Trog gifted it to you on level 8 of the Lair of Beasts)
 26065 | D:11     | Noticed Maurice
 26093 | D:11     | Killed Maurice
 26445 | D:11     | Noticed Grum
 26451 | D:11     | Killed Grum
 27429 | D:12     | Received a gift from Trog
 27606 | D:12     | Found a blossoming altar of Fedhas.
 28258 | D:11     | Reached skill level 1 in Slings
 28504 | D:11     | Reached skill level 15 in Polearms
 29006 | D:13     | Received a gift from Trog
 29636 | D:13     | Reached skill level 15 in Fighting
 29996 | D:14     | Found a gate to the Vaults.
 30078 | D:14     | Found an opulent altar of Gozag.
 30578 | D:15     | Entered Level 15 of the Dungeon
 30786 | D:15     | Noticed Nessos
 30801 | D:15     | Killed Nessos
 31071 | D:15     | Received a gift from Trog
 31085 | D:15     | Got a polished halberd {god gift}
 31088 | D:15     | Identified the +8 halberd of the Warrior {holy, Int+6 Dex+6} (Trog gifted it to you on level 15 of the Dungeon)
 31187 | D:15     | Reached skill level 5 in Slings
 31420 | D:15     | Found a staircase to the Depths.
 31546 | D:15     | Reached skill level 1 in Shields
 31992 | Lair:2   | STASH
 32142 | Swamp:1  | Entered Level 1 of the Swamp
 33193 | Swamp:2  | Received a gift from Trog
 33373 | Swamp:2  | Got a flickering garnet amulet
 33375 | Swamp:2  | Identified the amulet of Surprise {rCorr -Cast rElec MR+ Dex+3} (You found it on level 2 of the Swamp)
 33498 | Swamp:2  | Reached XP level 16. HP: 143/149 MP: 27/27
 33804 | Swamp:3  | Got a smoking chain mail
 33900 | Swamp:4  | Identified the +4 chain mail "Stadwale" {-Cast rElec Regen+ MP+9 Dex+3} (You found it on level 3 of the Swamp)
 33929 | Swamp:4  | Noticed Wiglaf
 33948 | Swamp:4  | Killed Wiglaf
 34228 | Swamp:4  | Received a gift from Trog
 35176 | Swamp:3  | Reached skill level 5 in Shields
 35206 | Swamp:3  | Reached skill level 16 in Fighting
 35378 | Swamp:2  | Noticed Kirke
 35408 | Swamp:2  | Killed Kirke
 35848 | Swamp:5  | Entered Level 5 of the Swamp
 36321 | Swamp:5  | Received a gift from Trog
 36464 | Swamp:5  | Reached skill level 10 in Slings
 36537 | Swamp:5  | Got a decaying rune of Zot
 36682 | Swamp:5  | Gained mutation: You are partially covered in iridescent scales (AC +4). [potion of beneficial mutation]
 37686 | Snake:1  | Entered Level 1 of the Snake Pit
 38173 | Snake:1  | Received a gift from Trog
 38724 | Snake:2  | Received a gift from Trog
 38727 | Snake:2  | Noticed Saint Roka
 38737 | Snake:2  | Killed Saint Roka
 38737 | Snake:2  | Reached XP level 17. HP: 130/160 MP: 28/28
 38869 | Snake:2  | Received a gift from Trog
 39097 | Snake:2  | Found a flickering gateway to a bazaar.
 39105 | Bazaar   | Entered a bazaar
 39111 | Bazaar   | Found Jualynag's Gadget Shop.
 39125 | Bazaar   | Found Masogesm's Food Boutique.
 39152 | Bazaar   | Found Itue's Food Boutique.
 39167 | Bazaar   | Found Orrajozur's Jewellery Shop.
 39181 | Bazaar   | Found Evveit's Food Boutique.
 39256 | Bazaar   | Bought an uncursed amulet of resist mutation for 560 gold pieces
 39256 | Bazaar   | Bought an uncursed amulet of the gourmand for 420 gold pieces
 39272 | Bazaar   | Bought a meat ration for 40 gold pieces
 39272 | Bazaar   | Bought a slice of pizza for 12 gold pieces
 39272 | Bazaar   | Bought a bread ration for 40 gold pieces
 39272 | Bazaar   | Bought a bread ration for 40 gold pieces
 39272 | Bazaar   | Bought a bread ration for 40 gold pieces
 39272 | Bazaar   | Bought a bread ration for 40 gold pieces
 39272 | Bazaar   | Bought a slice of pizza for 12 gold pieces
 39272 | Bazaar   | Bought a meat ration for 40 gold pieces
 39272 | Bazaar   | Bought a meat ration for 40 gold pieces
 39272 | Bazaar   | Bought a meat ration for 40 gold pieces
 39272 | Bazaar   | Bought a bread ration for 40 gold pieces
 39272 | Bazaar   | Bought 2 fruits for 24 gold pieces
 39272 | Bazaar   | Bought a meat ration for 40 gold pieces
 39272 | Bazaar   | Bought a bread ration for 40 gold pieces
 39304 | Bazaar   | Bought a bread ration for 35 gold pieces
 39304 | Bazaar   | Bought a bread ration for 35 gold pieces
 39304 | Bazaar   | Bought a bread ration for 35 gold pieces
 39304 | Bazaar   | Bought a slice of pizza for 10 gold pieces
 39304 | Bazaar   | Bought a meat ration for 35 gold pieces
 39304 | Bazaar   | Bought a meat ration for 35 gold pieces
 39304 | Bazaar   | Bought a bread ration for 35 gold pieces
 39304 | Bazaar   | Bought a meat ration for 35 gold pieces
 39304 | Bazaar   | Bought a bread ration for 35 gold pieces
 39402 | Bazaar   | Bought a bread ration for 30 gold pieces
 39402 | Bazaar   | Bought a meat ration for 30 gold pieces
 39402 | Bazaar   | Bought a beef jerky for 9 gold pieces
 39402 | Bazaar   | Bought a bread ration for 30 gold pieces
 39402 | Bazaar   | Bought 4 fruits for 36 gold pieces
 39402 | Bazaar   | Bought a bread ration for 30 gold pieces
 39402 | Bazaar   | Bought a meat ration for 30 gold pieces
 39402 | Bazaar   | Bought a slice of pizza for 9 gold pieces
 39420 | Bazaar   | Bought an uncursed ring of protection from cold for 350 gold pieces
 39831 | Snake:3  | Received a gift from Trog
 40291 | Snake:4  | Reached skill level 17 in Fighting
 40381 | Snake:4  | Received a gift from Trog
 41169 | Snake:4  | Noticed Vashnia
 41202 | Snake:4  | Received a gift from Trog
 41217 | Snake:4  | Killed Vashnia
 41608 | Snake:4  | Received a gift from Trog
 42533 | Snake:5  | Entered Level 5 of the Snake Pit
 42577 | Snake:5  | Received a gift from Trog
 42841 | Snake:5  | Received a gift from Trog
 42928 | Snake:5  | Reached XP level 18. HP: 81/170 MP: 30/30
 43825 | Snake:5  | Received a gift from Trog
 44414 | Snake:5  | Got a serpentine rune of Zot
 44455 | Snake:5  | Received a gift from Trog
 44766 | Snake:5  | Reached skill level 18 in Fighting
 44858 | Snake:5  | Received a gift from Trog
 45386 | Vaults:1 | Entered Level 1 of the Vaults
 46814 | Vaults:1 | Noticed Nikola
 46832 | Vaults:1 | Killed Nikola
 46832 | Vaults:1 | Reached skill level 15 in Slings
 46938 | Vaults:1 | Found Jeyniefa's Armour Shoppe.
 46952 | Vaults:1 | Bought a +1 pair of boots of running for 474 gold pieces
 47414 | Vaults:1 | Noticed Norris
 47439 | Vaults:1 | Killed Norris
 47439 | Vaults:1 | Reached XP level 19. HP: 138/180 MP: 31/31
 48770 | Vaults:2 | Received a gift from Trog
 49064 | Vaults:2 | Received a gift from Trog
 49799 | Vaults:2 | Received a gift from Trog
 50566 | Vaults:2 | Received a gift from Trog
 51209 | Vaults:2 | Received a gift from Trog
 51236 | Vaults:2 | Got a bloodstained greatsling {god gift}
 51237 | Vaults:2 | Identified the +8 greatsling of Ceakhlir {venom, rElec rF+ MR- Str+2 Stlth+} (Trog gifted it to you on level 2 of the Vaults)
 51260 | Vaults:2 | Reached skill level 19 in Fighting
 52035 | Vaults:1 | Got a transparent hand crossbow
 52350 | Lair:2   | Gained mutation: You are dopey. (Int -2) [potion of mutation]
 52350 | Lair:2   | Gained mutation: You are weak. (Str -2) [potion of mutation]
 52350 | Lair:2   | Gained mutation: You are partially covered in icy blue scales (AC +1). [potion of mutation]
 52356 | Lair:2   | Lost mutation: You are weak. (Str -2) [potion of cure mutation]
 52356 | Lair:2   | Lost mutation: You are dopey. (Int -2) [potion of cure mutation]
 52356 | Lair:2   | Lost mutation: You are partially covered in icy blue scales (AC +1). [potion of cure mutation]
 52356 | Lair:2   | Lost mutation: You are partially covered in iridescent scales (AC +4). [potion of cure mutation]
 52983 | Vaults:3 | Received a gift from Trog
 52990 | Vaults:3 | Got an ichor-stained hand axe {god gift}
 53606 | Vaults:3 | Reached XP level 20. HP: 184/191 MP: 32/32
 54032 | Vaults:3 | Received a gift from Trog
 54459 | Vaults:3 | Found a staircase to the Crypt.
 54521 | Vaults:3 | Reached skill level 15 in Evocations
 54637 | Vaults:3 | Noticed Erolcha
 54689 | Vaults:3 | Killed Erolcha
 55364 | Vaults:3 | Received a gift from Trog
 55688 | Vaults:3 | Received a gift from Trog
 55824 | Vaults:3 | Reached skill level 20 in Fighting
 56108 | Vaults:3 | Received a gift from Trog
 56142 | Vaults:3 | Noticed Jessica
 56151 | Vaults:3 | Killed Jessica
 56243 | Vaults:3 | Received a gift from Trog
 56249 | Vaults:3 | Noticed Blork the orc
 56253 | Vaults:3 | Killed Blork the orc
 56321 | Vaults:3 | Received a gift from Trog
 57378 | Lair:2   | Identified the +2 hand axe of Fee Simple {antimagic, rPois rN++ Str-2} (Trog gifted it to you on level 3 of the Vaults)
 57408 | Lair:2   | Identified the +6 hand crossbow of Catwuxzu {freeze, +Fly} (You found it on level 1 of the Vaults)
 57540 | Lair:2   | Reached skill level 5 in Crossbows
 57540 | Lair:2   | Reached XP level 21. HP: 200/200 MP: 33/33
 57768 | Lair:6   | Found a staircase to the Slime Pits.
 58163 | Orc:3    | Bought 5 fruits for 105 gold pieces
 58163 | Orc:3    | Bought a bread ration for 70 gold pieces
 58163 | Orc:3    | Bought a meat ration for 70 gold pieces
 58163 | Orc:3    | Bought a bread ration for 70 gold pieces
 58163 | Orc:3    | Bought a beef jerky for 21 gold pieces
 58163 | Orc:3    | Bought 4 fruits for 84 gold pieces
 58163 | Orc:3    | Bought a beef jerky for 21 gold pieces
 58163 | Orc:3    | Bought a meat ration for 70 gold pieces
 58163 | Orc:3    | Bought a royal jelly for 28 gold pieces
 58163 | Orc:3    | Bought a royal jelly for 28 gold pieces
 58653 | Vaults:4 | Received a gift from Trog
 59688 | Vaults:4 | Reached skill level 21 in Fighting
 59954 | Vaults:4 | Received a gift from Trog
 60152 | Vaults:4 | Reached XP level 22. HP: 204/211 MP: 14/34
 60725 | Vaults:4 | Received a gift from Trog
 60728 | Vaults:4 | Reached skill level 15 in Armour
 60828 | Vaults:4 | Received a gift from Trog
 62682 | Depths:1 | Entered Level 1 of the Depths
 62786 | Depths:1 | Found Mualaur's Serpentskin Sales.
 62817 | Depths:1 | Found a gateway to Hell.
 64149 | Depths:1 | Received a gift from Trog
 64563 | Depths:1 | Received a gift from Trog
 64594 | Depths:2 | Found a one-way gate leading to the halls of Pandemonium.
 64995 | Depths:2 | Found a gateway to a ziggurat.
 65538 | Depths:2 | Reached skill level 22 in Polearms
 65554 | Depths:2 | Received a gift from Trog
 66831 | Depths:3 | Noticed Sojobo
 66881 | Depths:3 | Killed Sojobo
 67006 | Depths:3 | Noticed Mennas
 67724 | Depths:3 | Noticed Jory
 67749 | Depths:3 | Killed Jory
 67749 | Depths:3 | Reached XP level 23. HP: 91/221 MP: 18/34
 68526 | Depths:3 | Got a translucent mace
 68874 | Depths:3 | Received a gift from Trog
 69391 | Depths:3 | Got a polished troll leather armour
 69694 | Depths:3 | Identified the +3 troll leather armour "Rojoff" {rPois Regen+} (You found it on level 3 of the Depths)
 69883 | Depths:3 | Identified the +9 mace of Bisir {crush, rElec MP+9 Str-2} (You found it on level 3 of the Depths)
 69907 | Depths:3 | Identified a +5 rod of ignition (10/10) (You found it on level 3 of the Depths)
 70606 | Depths:3 | Reached skill level 23 in Polearms
 70693 | Depths:3 | Received a gift from Trog
 71523 | Depths:1 | Got a twisted quarterstaff
 71524 | Depths:1 | Identified the cursed -2 quarterstaff "Pyghuu" {freeze, rC++} (You found it on level 1 of the Depths)
 72996 | Elf:1    | Entered Level 1 of the Elven Halls
 73478 | Elf:1    | Received a gift from Trog
 74081 | Elf:1    | Noticed Frances
 74091 | Elf:1    | Killed Frances
 74666 | Elf:1    | Received a gift from Trog
 74755 | Elf:1    | Noticed Urug
 74769 | Elf:1    | Killed Urug
 75033 | Elf:2    | Found Dunion's Assorted Antiques.
 75194 | Elf:2    | Found Jasif's Jewellery Emporium.
 75204 | Elf:2    | Bought the amulet of the Air {Inacc +Fly rElec EV+5 RMsl} for 571 gold pieces
 75347 | Elf:2    | Bought a scroll of magic mapping for 94 gold pieces
 75575 | Elf:2    | Received a gift from Trog
 75738 | Elf:2    | Found Tratt's General Store.
 75925 | Elf:2    | Found a huge runed gate.
 75926 | Elf:2    | Found a huge runed gate.
 75936 | Elf:2    | Found a huge runed gate.
 75936 | Elf:2    | Found a huge runed gate.
 75936 | Elf:2    | Found a huge runed gate.
 76744 | Elf:3    | Entered Level 3 of the Elven Halls
 77401 | Elf:3    | Received a gift from Trog
 77421 | Elf:3    | Got a scorched plate armour
 77422 | Elf:3    | Identified the +6 plate armour of the City {rN++} (You found it on level 3 of the Elven Halls)
 77488 | Elf:3    | Got a slimy silver ring
 77491 | Elf:3    | Identified the ring "Trap" {MR+ Dex+2} (You found it on level 3 of the Elven Halls)
 77730 | Elf:3    | Reached XP level 24. HP: 189/234 MP: 35/35
 77798 | Elf:3    | Received a gift from Trog
 79178 | Depths:2 | Killed Mennas
 79478 | Depths:4 | Received a gift from Trog
 79517 | Depths:4 | HP: 10/235 [acid (2)]
 79519 | Depths:4 | Slain by a caustic shrike

Action                   |  1- 3 |  4- 6 |  7- 9 | 10-12 | 13-15 | 16-18 | 19-21 | 22-24 || total
-------------------------+-------+-------+-------+-------+-------+-------+-------+-------++-------
Melee: Spear             |    59 |       |       |       |       |       |       |       ||    59
       Halberd           |    58 |   127 |   101 |   203 |       |       |    74 |   106 ||   669
       Hammer            |       |       |   160 |       |       |       |       |       ||   160
       Scythe            |       |       |   225 |       |       |       |       |       ||   225
       Glaive            |       |       |       |   263 |       |       |    41 |    49 ||   353
       Bardiche          |       |       |       |   221 |    38 |       |    29 |   674 ||   962
       Demon trident     |       |       |       |   159 |  1622 |  1589 |  1132 |   798 ||  5300
       Unarmed           |       |       |       |       |       |       |       |     2 ||     2
       Demon whip        |       |       |       |       |       |       |       |     1 ||     1
 Fire: Hunting sling     |       |       |       |       |    49 |   455 |   279 |       ||   783
       Greatsling        |       |       |       |       |       |       |    61 |   318 ||   379
Throw: Throwing net      |       |       |     2 |       |       |       |       |       ||     2
       Tomahawk          |       |       |       |    68 |     3 |       |       |       ||    71
Invok: Berserk           |       |     1 |    13 |    13 |     4 |     3 |     3 |     7 ||    44
       Brothers in Arms  |       |       |       |    17 |    25 |    16 |    12 |     5 ||    75
       Trog's Hand       |       |       |       |     4 |     5 |    11 |     7 |    17 ||    44
       Burn Spellbooks   |       |       |       |       |     4 |     2 |     1 |       ||     7
 Abil: Evoke Flight      |       |       |       |       |     1 |     3 |       |       ||     4
       Evoke Invisibilit |       |       |       |       |     1 |       |       |     3 ||     4
       Stop Flying       |       |       |       |       |     1 |       |       |       ||     1
       Evoke Teleportati |       |       |       |       |       |       |       |     2 ||     2
       Evoke Teleport Co |       |       |       |       |       |       |       |     2 ||     2
Evoke: Wand              |       |       |       |     1 |     4 |     8 |    13 |     6 ||    32
       Box of beasts     |       |       |       |       |       |     1 |       |       ||     1
       Rod               |       |       |       |       |       |     1 |       |     1 ||     2
       Phial of floods   |       |       |       |       |       |       |       |     1 ||     1
       Fan of gales      |       |       |       |       |       |       |       |     1 ||     1
  Use: Scroll            |       |       |    14 |    14 |    29 |     9 |     5 |    15 ||    86
       Potion            |       |       |       |     7 |     9 |    18 |    17 |     7 ||    58
 Stab: Distracted        |       |       |       |     2 |     3 |     2 |     2 |     1 ||    10
       Invisible         |       |       |       |       |       |       |       |     2 ||     2
  Eat: Chunk             |     2 |     5 |    11 |    31 |    40 |    20 |    22 |    12 ||   143
       Fruit             |       |     2 |       |       |     2 |    14 |    15 |    11 ||    44
       Bread ration      |       |       |     4 |     2 |     5 |     2 |       |     6 ||    19
       Beef jerky        |       |       |       |     2 |     3 |       |       |     1 ||     6
       Meat ration       |       |       |       |       |       |     2 |     2 |     4 ||     8
       Pizza             |       |       |       |       |       |     1 |     1 |       ||     2
